AoeStats
← ChiFutbol

Arabia

509247044Analyzed
1v1 RM · 7d ago on Sep 26, 2026· 41m 58s· 2 players
Game mode
Random Map
Map size
Tiny (2 player)
Population
200
Speed
Normal
Resources
Standard
Victory
Conquest
Starting age
Dark Age
Ending age
Imperial Age
RankedLock teamsTeams togetherTeam positionsShared explorationLock speedFull tech treeHidden civsTurbo modeCheats
Victory
Defeat
🇺🇸 Franks · United States
1060
+18
🇺🇾 Danes · Uruguay
1098
-18
PNAL | Henry Chinaski
7:07 Loom
9:09 Feudal Age
10:07 Man-at-Arms
13:30 Double-Bit Axe
13:28 Horse Collar
18:56 Fletching
22:37 Castle Age
21:52 Gold Mining
21:53 Stone Mining
24:16 Crossbowman
26:15 Bow Saw
27:27 Scale Mail Armor
27:38 Forging
34:15 Chain Mail Armor
34:36 Iron Casting
35:59 Wheelbarrow
35:39 Pikeman
43:57 Imperial Age
ChiFutbol
8:28 Loom
10:33 Feudal Age
11:18 Double-Bit Axe
22:37 Castle Age
21:10 Scale Barding Armor
21:41 Forging
22:18 Stone Mining
23:02 Gold Mining
23:45 Husbandry
24:52 Gold Shaft Mining
25:12 Bow Saw
26:55 Chain Barding Armor
27:49 Wheelbarrow
31:57 Hand Cart
34:58 Iron Casting
35:21 Fletching
38:16 Bodkin Arrow
38:11 Town Watch
41:26 Imperial Age
39:00 Town Patrol
41:28 Cavalier
Connection lost

Rejoining the realm…

Still unreachable

The connection could not be restored.

Session expired

The server has moved on; the page needs a fresh start.